 Dungeon Crawl Stone Soup version 0.31.0-4-g52a2dc7128 (webtiles) character file.

Game seed: 5318859991856165815

32 Groucho the Digger (level 3, -1/19 HPs)
             Began as a Deep Elf Earth Elementalist on Jan 22, 2024.
             Slain by a ribbon worm (7 damage)
             ... on level 1 of the Dungeon.
             The game lasted 00:05:24 (1643 turns).

Groucho the Digger (Deep Elf Earth Elementalist)    Turns: 1643, Time: 00:05:24

Health: -1/19      AC:  2    Str:  5    XL:     3   Next: 8%
Magic:  10/10      EV:  6    Int: 21    God:
Gold:   59         SH:  0    Dex: 15    Spells: 8/9 levels left

rFire   . . .        d - +0 sling
rCold   . . .        (no shield)
rNeg    . . .        a - +0 robe
rPois   .            (no helmet)
rElec   .            (no cloak)
rCorr   .            (no gloves)
SInv    .            (no boots)
Will    .....        (no amulet)
Stlth   ++           (no ring)
HPRegen 0.23/turn    (no ring)
MPRegen 0.12/turn

%: no passive effects
@: held
A: no striking features
a: no special abilities


You were on level 1 of the Dungeon.
You visited 1 branch of the dungeon, and saw 2 of its levels.

You collected 59 gold pieces.

Inventory:

Hand Weapons
 c - a +0 whip
 d - a +0 sling (weapon)
Armour
 a - a +0 robe (worn)
Scrolls
 e - a scroll of fear {unknown}
Potions
 b - a potion of magic
 f - a potion of brilliance {unknown}
 g - 2 potions of degeneration {unknown}
 h - 2 potions of enlightenment {unknown}
 i - a potion of curing {unknown}
 j - a potion of berserk rage {unknown}
 k - a potion of heal wounds {unknown}


   Skills:
 + Level 0.5 Maces & Flails
 + Level 0.0 Ranged Weapons
 - Level 2.4 Dodging
 - Level 2.4 Stealth
 + Level 3.6 Spellcasting
 + Level 1.5 Conjurations
 * Level 3.9 Earth Magic


You had 8 spell levels left.
You knew the following spells:

 Your Spells              Type           Power      Damage    Failure   Level
a - Sandblast             Erth           40%        2d10      2%          1

Your spell library contained the following spells:

 Spells                   Type           Power      Damage    Failure   Level
 Passwall                 Erth           20%        N/A       8%          3
 Stone Arrow              Conj/Erth      30%        3d8       12%         3
 Brom's Barrelling Bould  Conj/Erth      15%        2d4       38%         4
 Petrify                  Alch/Erth      12%        N/A       50%         4


Dungeon Overview and Level Annotations

Branches:
Dungeon (2/15)

Altars:


Message History

Confirm with . or Enter, or press ? or * to list all spells.
Aiming: Sandblast (safe; 2% risk of failure)
Press: ? - help, Shift-Dir - straight line, f/p - ribbon worm
Aim: a ribbon worm (94% to hit)
The blast of sand hits the ribbon worm!
The ribbon worm is heavily wounded.
Casting: Sandblast (safe; 2% risk of failure)
Confirm with . or Enter, or press ? or * to list all spells.
Aiming: Sandblast (safe; 2% risk of failure)
Press: ? - help, Shift-Dir - straight line, f/p - ribbon worm
Aim: a ribbon worm (heavily wounded, 94% to hit)
The blast of sand hits the ribbon worm.
The ribbon worm is severely wounded.
The ribbon worm expels a string of sticky webbing.
The stream of webbing hits you but does no damage.
You are caught in a web!
You struggle to detach yourself from the web.
The web tears apart.
The ribbon worm attacks as it pursues you!
The ribbon worm bites you.
The ribbon worm expels a string of sticky webbing.
The stream of webbing hits you but does no damage.
You are caught in a web!
There is a web here.
The web tears apart.
The ribbon worm expels a string of sticky webbing.
The stream of webbing misses you. The ribbon worm bites you!
The ribbon worm bites you.
The ribbon worm expels a string of sticky webbing.
The stream of webbing hits you but does no damage.
You are caught in a web!
There is a web here.
You struggle to detach yourself from the web.
You struggle to detach yourself from the web.
The ribbon worm bites you.
* * * LOW HITPOINT WARNING * * *
You struggle to detach yourself from the web.
The ribbon worm bites you!
You die...

# ##....##.#
###......#.########
#..#.............#
##....÷.########.###
##....## #.....# #.#.##
#.#.#.## ###.########
#.#)...#
#..........###.###..#
##.#.##.........@w...#
...........#######...####
...####>.###.....###....#
.#...(.###.........####.#
.#######...÷.........####
........................#
...........#######.####.#
........##########......#
......###÷.........######


You could see a ribbon worm.

Vanquished Creatures
  A dart slug (D:1)
  2 ball pythons (D:1)
  3 endoplasms (D:1)
  A giant cockroach (D:1)
  A goblin (D:1)
  A hobgoblin (D:1)
  3 kobolds (D:1)
  2 quokkas (D:1)
  5 bats (D:1)
  2 frilled lizards (D:1)
  8 rats (D:1)
29 creatures vanquished.

Notes
Turn   | Place    | Note
-------+----------+-------------------------------------------
     0 | D:1      | Groucho the Deep Elf Earth Elementalist began the quest for
                  | the Orb.
     0 | D:1      | Reached XP level 1. HP: 10/10 MP: 6/6
     6 | D:1      | Noticed an imperial myrmidon
     6 | D:1      | Noticed a brain worm
     6 | D:1      | Noticed a komodo dragon
     7 | D:1      | Noticed a frost giant
   469 | D:1      | Found a faded altar of an unknown god.
   516 | D:1      | Reached XP level 2. HP: 15/15 MP: 5/8
  1093 | D:1      | Reached XP level 3. HP: 19/19 MP: 10/10
  1643 | D:1      | Slain by a ribbon worm

Illustrated notes

Levels and vault maps discovered:
D:1:      onia_arrival_zoo_common, layout_loops_cross,
          hellmonk_ecumenical_altar_zigzags, minmay_quantized
D:2:      layout_loops_corners, nicolae_twisty_statue_hallways

Action                     || total
---------------------------++-------
  Melee: Whip              ||     7
   Fire: Sling             ||    13
   Cast: Sandblast         ||    35
 Armour: Robe              ||    18
  Dodge: Dodged            ||     7
